 Dungeon Crawl Stone Soup version 0.29-a0-330-g52719c12eb (webtiles) character file.

Game seed: 7805002134796558407

126 kae the Firebug (level 4, -8/33 HPs)
             Began as a Demigod Fire Elementalist on Apr 22, 2022.
             Mangled by an iguana (13 damage)
             ... on level 4 of the Dungeon.
             The game lasted 00:01:50 (2866 turns).

kae the Firebug (Demigod Fire Elementalist)         Turns: 2866, Time: 00:01:50

Health: -8/33      AC:  2    Str:  6 (9)  XL:     4   Next: 54%
Magic:  6/10       EV: 12    Int: 19 (21) God:
Gold:   84         SH:  0    Dex: 13 (14) Spells: 2/8 levels left

rFire   . . .      SeeInvis .   i - +0 falchion (vorpal)
rCold   . . .      Faith    .   (no shield)
rNeg    . . .      Spirit   .   a - +0 robe
rPois   .          Reflect  .   (no helmet)
rElec   .          Harm     .   (no cloak)
rCorr   .          Rampage  .   (no gloves)
Will    .....                   (no boots)
Stlth   ++........              (no amulet)
HPRegen 0.11/turn               (no ring)
MPRegen 0.12/turn               (no ring)

@: very slightly contaminated
A: high MP 1, forlorn, divine attributes
a: no special abilities


You were on level 4 of the Dungeon.
You visited 1 branch of the dungeon, and saw 5 of its levels.

You collected 84 gold pieces.

Inventory:

Hand Weapons
 i - a +0 vorpal falchion (weapon)
Armour
 a - a +0 robe (worn)
Scrolls
 d - a scroll of identify
Potions
 b - a potion of magic
 c - 2 potions of curing


   Skills:
 - Level 1.7 Dodging
 - Level 1.7 Stealth
 + Level 2.5 Spellcasting
 + Level 2.1 Conjurations
 * Level 4.1 Fire Magic


You had 2 spell levels left.
You knew the following spells:

 Your Spells              Type           Power      Damage    Failure   Level
a - Foxfire               Conj/Fire      56%        2x1d6     4%          1
b - Scorch                Fire           36%        2d6       4%          2
c - Conjure Flame         Conj/Fire      14%        6-21      13%         3

Your spell library contained the following spells:

 Spells                   Type           Power      Damage    Failure   Level
 Apportation              Tloc           4%         N/A       16%         1
 Inner Flame              Hex/Fire       10%        N/A       21%         3
 Flame Wave               Conj/Fire      14%        2d6       41%         4
 Alistair's Intoxication  Tmut/Pois      1%         N/A       99%         5


Dungeon Overview and Level Annotations

Branches:
Dungeon (5/15)
 Temple: D:4-7

Annotations:
D:4 Edmund


Innate Abilities, Weirdness & Mutations

You have an increased reservoir of magic. (+10% MP)
You shall have no god before yourself.
Your divine heritage dramatically boosts your attributes as you level up.


Message History

Edmund barely misses you.
You don't have any unidentified items.
Unknown command.
Edmund attacks as you move away! Edmund closely misses you.
An iguana comes into view.
The iguana hisses angrily.
The iguana bites you.
As you read the scroll of fear, it crumbles to dust.
You assume a fearsome visage.
Edmund looks frightened!
The iguana resists with some effort.
The iguana closely misses you.
You hit the iguana.
The iguana is heavily wounded.
The iguana barely misses you.
You hit the iguana but do no damage.
The iguana is heavily wounded.
The iguana bites you.
You barely miss the iguana.
The iguana is heavily wounded.
The iguana misses you.
Casting: Foxfire (safe; 4% risk of failure)
Confirm with . or Enter, or press ? or * to list all spells.
You miscast Scorch.
You are very lightly contaminated with residual magic.
Nothing appears to happen.
Cornered, Edmund turns to fight!
The iguana misses you.
You hit the iguana.
The iguana is severely wounded.
The iguana closely misses you. The iguana bites you!
Casting: Scorch (safe; 4% risk of failure)
Confirm with . or Enter, or press ? or * to list all spells.
Flames lash Edmund.
Edmund is lightly wounded.
Edmund's fire resistance burns away.
The iguana misses you.
Edmund says, "A flail is better than a scythe, any day of the week!"
Edmund hits you with a +5 flail of pain!
* * * LOW HITPOINT WARNING * * *
You writhe in agony.
* * * LOW HITPOINT WARNING * * *
The iguana bites you!
You die...

##########
......l@.#
.#######@# #.# #
#####.# #.#
#.....#
#...#+#.#####
#!.†..:?######
+............###
#........###.#.#


You could see Edmund (combustible) and an iguana.

Vanquished Creatures
  Jessica (D:2)
  3 adders
  2 ufetubi
  3 worms (D:3)
  2 dart slugs
  An orc (D:3)
  3 bats (D:2)
  A giant cockroach (D:2)
  3 goblins
  6 hobgoblins
  6 jackals (D:1)
  3 quokkas
  4 ball pythons
  5 kobolds
  5 rats
48 creatures vanquished.

Vanquished Creatures (others)
  190 foxfires
  8 plants (D:3)
198 creatures vanquished.

Grand Total: 246 creatures vanquished

Notes
Turn   | Place    | Note
-------+----------+-------------------------------------------
     0 | D:1      | kae the Demigod Fire Elementalist began the quest for the
                  | Orb.
     0 | D:1      | Reached XP level 1. HP: 14/14 MP: 5/5
    28 | D:1      | Reached skill level 1 in Conjurations
   388 | D:1      | Reached skill level 3 in Fire Magic
   526 | D:1      | Reached XP level 2. HP: 20/20 MP: 2/7
  1622 | D:2      | Reached XP level 3. HP: 24/26 MP: 5/8
  1675 | D:2      | Learned a level 2 spell: Scorch
  1790 | D:2      | Noticed Jessica
  1797 | D:2      | Killed Jessica
  1804 | D:2      | Learned a level 3 spell: Conjure Flame
  2268 | D:3      | Reached XP level 4. HP: 33/33 MP: 5/10
  2600 | D:3      | Reached skill level 4 in Fire Magic
  2632 | D:3      | You fall into a shaft and drop 2 floors!
  2632 | D:5      | Entered Level 5 of the Dungeon
  2639 | D:5      | Noticed a phantom
  2839 | D:4      | Noticed Edmund
  2866 | D:4      | Mangled by an iguana

Illustrated notes

Levels and vault maps discovered:
D:1:      nicolae_arrival_somewhat_less_tricky_arrival, layout_basic,
          ebering_ecumenical_altar_abandoned
D:2:      layout_basic, uniq_jessica
D:3:      layout_basic, serial_bayou_pond_c, interstate_on_off,
          nicolae_wormholes
D:4:      layout_basic, hangedman_abyss_or_decor_passed, uniq_edmund
D:5:      layout_rooms, lemuel_crystal_altar

Skill      XL: |  1  2  3  4 |
---------------+-------------+-----
Conjurations   | 1 2 |  2.1
Fire Magic     | 3 4 |  4.1
Spellcasting   | 2 |  2.5
Dodging        | |  1.7
Stealth        | |  1.7

Action                   |  1- 3 |  4- 6 || total
-------------------------+-------+-------++-------
Melee: Unarmed           |     4 |       ||     4
       Falchion          |       |     8 ||     8
 Cast: Foxfire           |    88 |    21 ||   109
       Scorch            |       |     6 ||     6
  Use: Potion            |       |     5 ||     5
       Scroll            |       |     4 ||     4
Armor: Robe              |     5 |     5 ||    10
Dodge: Dodged            |    14 |    24 ||    38

Table legend: (Time is in decaauts)
 A = Elapsed time spent in this place.
 B = Non-inter-level travel time spent in this place.
 C = Inter-level travel time spent in this place.
 D = Time resting spent in this place.
 E = Time spent auto-exploring this place.
 F = Levels seen in this place.
 G = Mean time per level.
                   A        B        C        D        E       F      G
               +--------+--------+--------+--------+--------+-----+--------+
         Total |   2867 |   2764 |    103 |    114 |   2218 |   5 |  573.4 |
       Dungeon |   2867 |   2764 |    103 |    114 |   2218 |   5 |  573.4 |
               +--------+--------+--------+--------+--------+-----+--------+

Top non-repeatable levels by time:
     D:1: 1543 daAuts
     D:2: 683 daAuts
     D:3: 406 daAuts
     D:5: 199 daAuts
     D:4: 34 daAuts
